 Dungeon Crawl Stone Soup version 0.29-a0-841-g116ddc6ace (webtiles) character file.

Game seed: 18266851953994746980

276 mathmaestro the Grave Robber (level 6, 42/46 HPs)
             Began as a Demonspawn Necromancer on July 15, 2022.
             Quit the game on level 4 of the Dungeon.
             The game lasted 00:08:08 (4275 turns).

mathmaestro the Grave Robber (DsNe)                 Turns: 4275, Time: 00:08:08

Health: 42/46      AC:  6    Str:  9    XL:     6   Next: 4%
Magic:  1/11       EV: 12    Int: 18    God:
Gold:   184        SH:  0    Dex: 13    Spells: 3/11 levels left

rFire   . . .      SeeInvis .   n - +2 dagger (flame)
rCold   . . .      Faith    .   (no shield)
rNeg    . . .      Spirit   .   a - +0 robe
rPois   .          Reflect  .   i - +0 helmet
rElec   .          Harm     .   p - +1 cloak {Stlth+}
rCorr   .          Rampage  .   (no gloves)
Will    .....                   k - +0 pair of boots
Stlth   +++.......              (no amulet)
HPRegen 0.15/turn               (no ring)
MPRegen 0.12/turn               (no ring)

@: no status effects
A: demonic magic 1, weakness stinger 1
a: no special abilities


You were on level 4 of the Dungeon.
You visited 1 branch of the dungeon, and saw 4 of its levels.

You collected 226 gold pieces.
You spent 42 gold pieces at shops.

Inventory:

Hand Weapons
 n - a +2 dagger of flaming (weapon)
 s - a +1 short sword of flaming
Missiles
 m - 4 javelins
Armour
 a - a +0 robe (worn)
 i - a +0 helmet (worn)
 k - a +0 pair of boots (worn)
 p - a +1 cloak of stealth (worn)
Wands
 q - a wand of polymorph (7)
Scrolls
 d - a scroll of fear {unknown}
 t - 2 scrolls of amnesia
 u - a scroll of silence {unknown}
 v - a scroll of blinking
Potions
 b - a potion of magic
 c - a potion of curing
 e - 2 potions of resistance
 f - a potion of flight {unknown}
 g - 2 potions of invisibility
 h - a potion of mutation {unknown}
 j - 2 potions of heal wounds {unknown}
 l - a potion of haste {unknown}
 o - 2 potions of degeneration {unknown}
 r - 2 potions of berserk rage {unknown}


   Skills:
 + Level 2.7 Fighting
 - Level 2.0 Armour
 - Level 2.0 Dodging
 - Level 2.0 Stealth
 + Level 3.4 Spellcasting
 + Level 5.5 Necromancy


You had 3 spell levels left.
You knew the following spells:

 Your Spells              Type           Power      Damage    Failure   Level
a - Necrotise             Necr           92%        1d8       1%          1
b - Vampiric Draining     Necr           23%        2d7       4%          3
c - Animate Dead          Necr           23%        N/A       16%         4

Your spell library contained the following spells:

 Spells                   Type           Power      Damage    Failure   Level
 Agony                    Necr           23%        N/A       41%         5


Dungeon Overview and Level Annotations

Branches:
Dungeon (4/15)
 Temple: D:4-7

Altars:
Wu Jian

Shops:
D:2 !


Innate Abilities, Weirdness & Mutations

Spells you cast may paralyse adjacent enemies.
You have a small tail.


Message History

v - a scroll of blinking A black bear comes into view.
The black bear misses you.
The black bear claws you but does no damage. x2
Casting: Necrotise (safe; 1% risk of failure)
Confirm with . or Enter, or press ? or * to list all spells.
Aiming: Necrotise (safe; 1% risk of failure)
Press: ? - help, Shift-Dir - straight line, f - black bear
Aim: a black bear (chance to affect: 80%)
The black bear writhes in agony.
The black bear barely misses you. The black bear claws you. x2
Casting: Necrotise (safe; 1% risk of failure)
Confirm with . or Enter, or press ? or * to list all spells.
Aiming: Necrotise (safe; 1% risk of failure)
Press: ? - help, Shift-Dir - straight line, f/p - black bear
Aim: a black bear (lightly wounded, chance to affect: 80%)
The black bear writhes in agony!
The black bear bites you. The black bear barely misses you.
The black bear misses you.
Casting: Necrotise (safe; 1% risk of failure)
Confirm with . or Enter, or press ? or * to list all spells.
Aiming: Vampiric Draining (dangerous; 5% risk of failure)
Press: ? - help, Shift-Dir - straight line, f/p - black bear
Aim: a black bear (moderately wounded)
You draw life force from the black bear!
You feel life coursing into your body. The black bear bites you.
The black bear claws you but does no damage. x2
Casting: Vampiric Draining (dangerous; 5% risk of failure)
Confirm with . or Enter, or press ? or * to list all spells.
Aiming: Vampiric Draining (dangerous; 5% risk of failure)
Press: ? - help, Shift-Dir - straight line, f/p - black bear
Aim: a black bear (severely wounded)
You draw life force from the black bear!
You kill the black bear!
You feel life coursing into your body.
You have reached level 6!
Your demonic ancestry asserts itself...
A menacing aura infuses your magic.
Okay, then.
Unknown command.
Are you sure you want to abandon this character and quit the game? (Confirm with "yes".)

#....................
#.####.#....###..#).#
#.#.##.# ##.#..#
#.#.##.# #....#
#.#.##.# ###...#
..#.##.# #.....#
....##.# #.#..##
#.###########.#
#......
#.....@.......#
###.>##
############### ##.#
#.## #... ####


There were no monsters in sight!

Vanquished Creatures
  A black bear (D:4)
  Crazy Yiuf (D:2)
  Ijyb (D:3)
  6 adders
  A worm (D:3)
  3 dart slugs
  3 orcs (D:4)
  5 ball pythons
  5 endoplasms
  3 giant cockroaches
  4 goblins
  4 hobgoblins
  4 jackals (D:1)
  5 kobolds
  2 quokkas
  5 bats
  3 frilled lizards (D:1)
  A quokka skeleton (D:2)
  6 rats
63 creatures vanquished.

Vanquished Creatures (collateral kills)
  An adder (D:2)
  A giant cockroach (D:1)
  A frilled lizard (D:1)
3 creatures vanquished.

Grand Total: 66 creatures vanquished

Notes
Turn   | Place    | Note
-------+----------+-------------------------------------------
     0 | D:1      | mathmaestro the Demonspawn Necromancer began the quest for
                  | the Orb.
     0 | D:1      | Reached XP level 1. HP: 13/13 MP: 3/3
   411 | D:1      | Gained mutation: You have a small tail. [demonic ancestry]
   411 | D:1      | Reached XP level 2. HP: 20/20 MP: 1/5
   989 | D:1      | Found a faded altar of an unknown god.
   993 | D:1      | Reached skill level 1 in Fighting
   993 | D:1      | Reached XP level 3. HP: 26/26 MP: 3/6
   997 | D:1      | Learned a level 3 spell: Vampiric Draining
  1490 | D:2      | Found Jehahiagh's Distillery.
  1494 | D:2      | Reached skill level 1 in Armour
  1497 | D:2      | Bought a potion of curing for 42 gold pieces
  2449 | D:2      | Found a runed translucent door.
  2450 | D:2      | Noticed Crazy Yiuf
  2466 | D:2      | Killed Crazy Yiuf
  2467 | D:2      | Reached XP level 4. HP: 10/32 MP: 0/8
  2829 | D:3      | Learned a level 4 spell: Animate Dead
  2845 | D:3      | Found an ornate altar of the Wu Jian Council.
  2979 | D:3      | Reached skill level 5 in Necromancy
  3404 | D:3      | Noticed Ijyb
  3480 | D:3      | Killed Ijyb
  3481 | D:3      | Reached XP level 5. HP: 38/38 MP: 1/9
  4265 | D:4      | Noticed a black bear
  4274 | D:4      | Killed a black bear
  4275 | D:4      | Gained mutation: Spells you cast may paralyse adjacent
                  | enemies. [demonic ancestry]
  4275 | D:4      | Reached XP level 6. HP: 42/46 MP: 1/11
  4275 | D:4      | Quit the game

Illustrated notes

Levels and vault maps discovered:
D:1:      dpeg_arrival_tiny_a, layout_basic, basic_ecumenical_altar,
          chequers_avenue, minmay_misc_feat_enclosed, minmay_box_of_dots
D:2:      layout_basic, serial_undead, serial_undead_f, serial_undead_b,
          serial_undead_c, serial_undead_b, serial_shops, shop,
          nicolae_eternal_life, uniq_crazy_yiuf_cottage
D:3:      layout_rooms, nzn_wu_jian_contemplation, uniq_ijyb
D:4:      layout_basic

Skill      XL: |  1  2  3  4  5 |
---------------+----------------+-----
Stealth        | 2 |  2.0
Dodging        | 2 |  2.0
Fighting       | 1 2 |  2.7
Armour         | 1 2 |  2.0
Necromancy     | 5 |  5.5
Spellcasting   | 3 |  3.4

Action                   |  1- 3 |  4- 6 || total
-------------------------+-------+-------++-------
Melee: Unarmed           |     3 |       ||     3
       Club              |     4 |       ||     4
       Tailslap          |     4 |     1 ||     5
       Dagger            |    30 |    31 ||    61
 Cast: Necrotise         |    56 |    34 ||    90
       Vampiric Draining |       |     4 ||     4
  Use: Scroll            |     3 |     8 ||    11
 Stab: Sleeping          |     2 |     5 ||     7
Armor: Robe              |    25 |    16 ||    41
Dodge: Dodged            |    59 |    28 ||    87

Table legend: (Time is in decaauts)
 A = Elapsed time spent in this place.
 B = Non-inter-level travel time spent in this place.
 C = Inter-level travel time spent in this place.
 D = Time resting spent in this place.
 E = Time spent auto-exploring this place.
 F = Levels seen in this place.
 G = Mean time per level.
                   A        B        C        D        E       F      G
               +--------+--------+--------+--------+--------+-----+--------+
         Total |   4273 |   4223 |     50 |    424 |   3111 |   4 | 1068.2 |
       Dungeon |   4273 |   4223 |     50 |    424 |   3111 |   4 | 1068.2 |
               +--------+--------+--------+--------+--------+-----+--------+

Top non-repeatable levels by time:
     D:1: 1490 daAuts
     D:2: 1366 daAuts
     D:3: 787 daAuts
     D:4: 628 daAuts
